 Dungeon Crawl Stone Soup version 0.19-a0-1268-g6c5d9f8 (webtiles) character file.

4650 Cath the Reanimator (level 10, -1/63 HPs)
             Began as a Mummy Necromancer on Aug 29, 2016.
             Was a Follower of Ashenzari.
             Slain by a killer bee (4 damage)
             ... on level 9 of the Dungeon on Aug 30, 2016.
             The game lasted 00:43:20 (11413 turns).

Cath the Reanimator (Mummy Necromancer)            Turns: 11413, Time: 00:43:21

Health: -1/63      AC:  5    Str: 12    XL:     10   Next: 20%
Magic:  1/21       EV: 12    Int: 23    God:    Ashenzari [*.....]
Gold:   362        SH:  0    Dex: 12    Spells: 3 memorised, 16 levels left

rFire  x . .     SeeInvis .     q - +3 trident
rCold  + . .     Gourm    .     a - +0 robe
rNeg   + + +     Faith    .     (no shield)
rPois  ∞         Spirit   .     (no helmet)
rElec  .         Dismiss  .     (no cloak)
rCorr  .         Reflect  .     f - +1 pair of gloves (curse)
MR     ++...     Harm     .     i - +0 pair of boots (curse)
Stlth  ++........               (no amulet)
                                v - ring of protection from magic
                                e - +5 ring of intelligence (curse)

@: no status effects
A: no food or potions, fire vulnerability, cold resistance 1, negative energy
resistance 3, torment resistance, unbreathing
a: Curse Item, Scrying, Renounce Religion


You were on level 9 of the Dungeon.
You worshipped Ashenzari.
Ashenzari was aware of your devotion.
You were not hungry.

You visited 2 branches of the dungeon, and saw 10 of its levels.
You also visited: Sewer.

You collected 362 gold pieces.

Inventory:

Hand Weapons
 h - a +0 rapier
 o - a +2 dagger of venom
 q - a +3 trident (weapon)
 E - a +2 vampiric glaive
Armour
 a - a +0 robe (worn)
 f - a cursed +1 pair of gloves (worn)
 i - a cursed +0 pair of boots (worn)
 k - a +0 buckler
Jewellery
 c - an uncursed ring of fire
 e - a cursed +5 ring of intelligence (left hand)
 n - a cursed amulet of inaccuracy
 r - an uncursed amulet of harm
 v - a ring of protection from magic (right hand)
 x - a +4 ring of evasion
 B - an uncursed amulet of guardian spirit
Wands
 l - a wand of flame (15/48)
 u - a wand of lightning (7/15)
 y - a wand of random effects (21/48)
 C - a wand of flame (31/48)
 D - a wand of iceblast (2/15)
Scrolls
 d - 7 scrolls of identify
 g - a scroll of fear
 j - 3 scrolls of amnesia
 m - 4 scrolls of fog
 p - 3 scrolls of remove curse
 t - a scroll of magic mapping
 z - a scroll of teleportation
 A - 2 scrolls of enchant weapon
Books
 b - a book of Necromancy

   Spells                             Type                      Level
   a - Pain                           Necromancy                   1
   b - Animate Skeleton               Necromancy                   1
   c - Vampiric Draining              Necromancy                   3
   d - Regeneration                   Charms/Necromancy            3
   e - Animate Dead                   Necromancy                   4
   f - Control Undead                 Necromancy                   4
 s - a book of Frost

   Spells                             Type                      Level
   a - Freeze                         Ice                          1
   b - Throw Frost                    Conjuration/Ice              2
   c - Ozocubu's Armour               Charms/Ice                   3
   d - Throw Icicle                   Conjuration/Ice              4
   e - Summon Ice Beast               Ice/Summoning                4
 w - a book of the Sky

   Spells                             Type                      Level
   a - Summon Lightning Spire         Summoning/Air                4
   b - Airstrike                      Air                          4
   c - Silence                        Hexes/Air                    5
   d - Deflect Missiles               Charms/Air                   6
   e - Conjure Ball Lightning         Conjuration/Air              6
   f - Tornado                        Air                          9


   Skills:
 + Level 6.4 Polearms
 - Level 1.5 Dodging
 - Level 1.5 Stealth
 + Level 7.6 Spellcasting
 * Level 10.7 Necromancy


You had 16 spell levels left.
You knew the following spells:

 Your Spells              Type           Power        Failure   Level  Hunger
a - Pain                  Necr           ####         1%          1    N/A
b - Vampiric Draining     Necr           ######....   1%          3    N/A
c - Animate Dead          Necr           N/A          1%          4    N/A

Dungeon Overview and Level Annotations

Branches:
Dungeon (9/15)             Temple (1/1) D:4
   Lair: D:8-11         Orc: D:9-12

Altars:
Ashenzari
Cheibriados
Dithmenos
Elyvilon
Fedhas
Gozag
Hepliaklqana
Kikubaaqudgha
Makhleb
Nemelex Xobeh
Okawaru
Qazlal
Ru
Sif Muna
Trog
Uskayaw
Vehumet
Xom
Yredelemnul
Zin
The Shining One

Annotations:
D:6 jestert79's ghost, novice VSFi


Innate Abilities, Weirdness & Mutations

You do not eat or drink.
Your flesh is vulnerable to fire.
You are immune to poison.
Your flesh is cold resistant. (rC+)
You are immune to negative energy. (rN+++)
You are immune to unholy pain and torment.
You can survive without breathing.


Message History

The puff of flame hits the killer bee.
The killer bee is heavily wounded.
Evoking this partially-identified wand wasted a few charges.
The killer bee stings you.
* * * LOW HITPOINT WARNING * * *
The killer bee completely misses you.
Evoke which item? (* to show all) (? for menu, Esc to quit)
Zapping:
l - a wand of flame {zapped: 5} (will waste charges)
Press: ? - help, Shift-Dir - straight line, f/p - killer bee
Aim: a killer bee (heavily wounded)
Okay, then.
Evoke which item? (* to show all) (? for menu, Esc to quit)
Zapping:
C - a wand of flame (will waste charges)
Press: ? - help, Shift-Dir - straight line, f/p - killer bee
Aim: a killer bee (heavily wounded)
The puff of flame hits the killer bee.
The killer bee is heavily wounded.
Evoking this partially-identified wand wasted a few charges.
The killer bee barely misses you. The killer bee stings you.
You die...

....# ####.'.......###.'........#
....###....#...(...#...#.........
....'...####<......'.###.........
....##### #.......### #........#
....# #...<...# #........# ....#
#####'### #........# ....# #.#
#######'## '#### #.# #.# ()# #@#
#)# #)##### #######y# ##)#
.)....# #........# #.[# .)....#
#........# #(##
......####........# #(#
........##........# #######.###
......#..'........# #..........
......####..[.....# ..#####.###
......# #........+ #.#


You could see a killer bee.

Vanquished Creatures
  Pikel (D:6)
  A deep elf mage (D:7)
  Joseph (D:7)
  A hungry ghost (D:8)
  A water moccasin (D:6)
  An orc warrior (D:9)
  A sky beast (D:7)
  2 ogres
  A necrophage (D:7)
  4 phantoms
  2 centaurs
  3 big kobolds
  2 giant frogs
  A scorpion (D:8)
  11 killer bees
  4 howler monkeys
  2 crimson imps
  A giant frog zombie (D:6)
  A giant frog skeleton (D:8)
  4 hounds
  A jelly (D:7)
  4 centaur skeletons
  3 orc priests
  Crazy Yiuf (D:7)
  7 orc wizards
  4 iguanas
  7 worker ants
  2 hound skeletons
  A worker ant zombie (D:7)
  10 adders
  A river rat (Sewer)
  2 shadow imps
  An ooze (D:3)
  2 adder zombies
  A worm (D:2)
  A dart slug (D:1)
  4 giant geckos
  28 orcs
  5 giant cockroaches
  3 goblins (D:1)
  6 hobgoblins
  11 jackals
  4 quokkas
  A ball python zombie (D:6)
  7 bats
  A giant gecko zombie (D:8)
  2 giant newts
  A jackal skeleton (D:6)
  17 kobolds
  9 rats
192 creatures vanquished.

Vanquished Creatures (collateral kills)
  A big kobold (Sewer)
  An iguana (D:8)
  A worker ant (D:9)
  An orc (D:8)
4 creatures vanquished.

Vanquished Creatures (others)
  Menkaure (D:5)
  2 slaves (D:6)
  A scorpion (D:6)
  A howler monkey (D:6)
  A shadow imp (D:6)
  2 orcs
8 creatures vanquished.

Grand Total: 204 creatures vanquished

Notes
Turn   | Place    | Note
-------+----------+-------------------------------------------
     0 | D:1      | Cath the Mummy Necromancer began the quest for the Orb.
     0 | D:1      | Reached XP level 1. HP: 13/13 MP: 3/3
   472 | D:1      | Reached XP level 2. HP: 17/19 MP: 5/5
   809 | D:2      | Reached XP level 3. HP: 4/24 MP: 0/6
  1060 | D:2      | Learned a level 3 spell: Vampiric Draining
  1464 | D:2      | Reached skill level 5 in Necromancy
  1951 | D:3      | Reached XP level 4. HP: 30/30 MP: 4/8
  2295 | D:3      | Reached XP level 5. HP: 30/35 MP: 5/9
  2470 | D:3      | Reached skill level 6 in Necromancy
  2717 | D:3      | Found an ancient bone altar of Kikubaaqudgha.
  2728 | D:3      | Found a glowing silver altar of Zin.
  2788 | D:3      | Found a sparkling altar of Nemelex Xobeh.
  2812 | D:3      | Found a burning altar of Makhleb.
  2932 | D:4      | Found a staircase to the Ecumenical Temple.
  2939 | Temple   | Entered the Ecumenical Temple
  3124 | Temple   | Became a worshipper of Ashenzari the Shackled
  3254 | D:4      | Reached XP level 6. HP: 36/41 MP: 2/11
  3465 | D:4      | Learned a level 4 spell: Animate Dead
  3542 | D:4      | Found a bloodstained altar of Trog.
  3793 | D:5      | Entered Level 5 of the Dungeon
  3924 | D:5      | Reached skill level 7 in Necromancy
  4004 | D:5      | Noticed Menkaure
  4096 | D:6      | Noticed jestert79's ghost (novice VSFi)
  4212 | D:5      | Killed Menkaure
  4460 | D:6      | Found a glowing drain.
  4497 | Sewer    | Entered a sewer
  4500 | Sewer    | Reached XP level 7. HP: 43/46 MP: 9/13
  4579 | Sewer    | Reached skill level 1 in Polearms
  4710 | Sewer    | Found a white marble altar of Elyvilon.
  5396 | D:6      | Noticed Pikel
  5458 | D:6      | Killed Pikel
  5458 | D:6      | Reached skill level 5 in Spellcasting
  5458 | D:6      | Reached XP level 8. HP: 42/52 MP: 0/16
  6609 | D:7      | Reached skill level 8 in Necromancy
  6868 | D:7      | Reached * piety under Ashenzari
  6929 | D:7      | Found a runed door.
  7036 | D:7      | Reached skill level 5 in Polearms
  7040 | D:7      | Noticed Joseph
  7718 | D:7      | Killed Joseph
  7718 | D:7      | Reached XP level 9. HP: 26/57 MP: 1/18
  8462 | D:7      | Noticed a deep elf mage
  8507 | D:7      | Killed a deep elf mage
  8507 | D:7      | Reached skill level 9 in Necromancy
  9188 | D:7      | Noticed Crazy Yiuf
  9252 | D:7      | Killed Crazy Yiuf
  9623 | D:8      | Reached skill level 10 in Necromancy
 10252 | D:8      | Reached XP level 10. HP: 33/63 MP: 17/21
 11047 | D:9      | Identified the ring "Habyargh" {+Blink Str+6 Dex+4}
 11412 | D:9      | HP: 2/63 [killer bee (4)]
 11413 | D:9      | Slain by a killer bee

Vault maps used:
D:1:      tarquinn_simple_flora_water_e
D:2:      first_bread, kennysheep_generic_room_12
D:3:      nicolae_overflow_quartered_altars, small_statue_intersection
D:4:      marbit_many_paths
D:5:      lemuel_flamethrower_2, uniq_menkaure
D:6:      portal_sewer_entry_f, grunt_decor_fettered, uniq_pikel
D:7:      kennysheep_donut, guppyfry_early_elven_hall, uniq_crazy_yiuf_cottage,
          uniq_joseph
D:8:      serial_glass, glass_columns_a, glass_columns_a, item_on_display_a,
          due_unseen_surprise, blue_anna_alchemist
D:9:      david_lair_shrubbed, serial_glass, glass_columns_a, glass_columns_b,
          onia_ninara_dug_in_and_dangerous
Temple:   eino_temple_scatter_basement
Sewer:    sewer_kobolds

Skill      XL: |  1  2  3  4  5  6  7  8  9 |
---------------+----------------------------+-----
Necromancy     | 5 6 7 8 10 | 10.7
Spellcasting   | 3 4 5 6 7 |  7.6
Polearms       | 4 5 6 |  6.4
Dodging        | |  1.5
Stealth        | |  1.5

Action                   |  1- 3 |  4- 6 |  7- 9 | 10-12 || total
-------------------------+-------+-------+-------+-------++-------
Melee: Dagger            |    26 |    24 |       |       ||    50
       Short sword       |     3 |       |       |       ||     3
       Trident           |       |    20 |   257 |    72 ||   349
 Cast: Pain              |    61 |   115 |   131 |    32 ||   339
       Vampiric Draining |       |     2 |    26 |    11 ||    39
       Animate Dead      |       |     2 |    15 |     2 ||    19
Invok: Curse Item        |       |     1 |     2 |       ||     3
Evoke: Wand              |       |       |       |     3 ||     3
  Use: Scroll            |     6 |     4 |     4 |     1 ||    15
 Stab: Sleeping          |     2 |     4 |     1 |     3 ||    10
       Distracted        |       |       |     1 |       ||     1
Armor: Robe              |     8 |    20 |    61 |    16 ||   105
Dodge: Dodged            |    24 |    44 |   174 |    75 ||   317
